 Dungeon Sprint DCSS version 0.22-a0-93-g6b88ebb (webtiles) character file.

64500000 Rottenbandages the Ninja (level 27, -32/298 HPs)
             Began as a Formicid Transmuter on Jan 24, 2018.
             Was the Champion of Makhleb.
             Annihilated by a vile
             ... wielding a cursed +0 morningstar
              (211 damage)
             ... in the Dungeon (Sprint VIII: "Arena of Blood").
             The game lasted 00:05:57 (645 turns).

Rottenbandages the Ninja (Formicid Transmuter)       Turns: 645, Time: 00:05:58

Health: -32/298    AC:  8    Str: 19    XL:     27
Magic:  54/54      EV: 31    Int: 13    God:    Makhleb [******]
Gold:   0          SH:  0    Dex: 20    Spells: 65/80 levels left

rFire    x . .     SeeInvis .     - Unarmed
rCold    + + +     Gourm    .   (shield currently unavailable)
rNeg     . . .     Faith    .   (armour currently unavailable)
rPois    +         Spirit   .   (helmet unavailable)
rElec    .         Reflect  .   (cloak currently unavailable)
rCorr    .         Harm     .   (gloves currently unavailable)
MR       ++...                  (boots currently unavailable)
Stlth    +++++++++.             (no amulet)
HPRegen  0.00/turn              (no ring)
MPRegen  0.34/turn              (no ring)

@: lethally poisoned (-32 -> -71), ice-form, non-regenerating, badly diseased,
drained
A: large, permanent stasis, dig shafts and tunnels, four strong arms
a: End Transformation, Minor Destruction, Lesser Servant of Makhleb, Major
Destruction, Greater Servant of Makhleb, Renounce Religion


You were in the Dungeon.
You worshipped Makhleb.
Makhleb was exalted by your worship.
You were very hungry.
You were a creature of crystalline ice.
You visited 1 branch


Innate Abilities, Weirdness & Mutations

You cannot be hasted, slowed, berserked, paralysed or teleported.
You can dig through walls and to a lower floor.
Your four strong arms can wield two-handed weapons with a shield.
((You have a pair of large antennae on your head. (SInv)))


   Skills:
 O Level 27(25.5) Fighting
 O Level 27(25.5) Axes
 O Level 27(25.5) Throwing
 O Level 27(25.5) Armour
 O Level 27(25.5) Dodging
 O Level 27(25.5) Stealth
 O Level 27(25.5) Unarmed Combat
 O Level 27(25.5) Spellcasting
 O Level 27(25.5) Transmutations
 + Level 0.0 Ice Magic
 + Level 0.0 Poison Magic
 O Level 27(25.5) Invocations


You had 65 spell levels left.
You knew the following spells:

 Your Spells              Type           Power        Failure   Level  Hunger
i - Blade Hands           Tmut           ######....   0%          5    ###....
o - Spider Form           Tmut/Pois      #####.....   1%          3    None
p - Ice Form              Ice/Tmut       #####...     1%          4    None
u - Sticks to Snakes      Tmut           ######..     0%          2    None
y - Beastly Appendage     Tmut           ######       0%          1    None

Inventory:

Hand Weapons
 k - the +∞ Axe of Woe (melded)
Missiles
 a - 11 arrows
Armour
 b - a +0 robe (melded)
Scrolls
 j - a scroll of blinking
Potions
 e - a potion of curing
 g - a potion of haste
 h - 2 potions of magic
 i - a potion of berserk rage
Books
 c - a book of Changes

   Spells                             Type                      Level
   a - Beastly Appendage              Transmutation                1
   b - Sticks to Snakes               Transmutation                2
   c - Spider Form                    Transmutation/Poison         3
   d - Ice Form                       Ice/Transmutation            4
   e - Blade Hands                    Transmutation                5
Comestibles
 d - a ration

Dungeon Overview and Level Annotations

Branches:
Dungeon (1/1)

Altars:
Makhleb

....{..#oo{.......
▒▒..{.%O8=#......▒
▒▒▒▒▒▒▒.▒.▒▒▒▒▒▒▒ ▒.)▒▒
▒.▒.▒ ..▒#▒ ▒▒▒...▒▒
▒..▒#▒8▒▒▒▒▒▒▒▒▒▒▒▒▒▒▒▒▒
▒▒)##.Y▒.▒.▒.▒.▒.▒.▒.▒.
▒..▒#▒#▒#▒.▒.▒.▒.▒.▒.▒.▒
▓▓▓▓▓▓▓▓▒▒▒▒▒▒▒▒▒▒▒▒▒▒▒
{


You could see 2 viles and a meat berserker (berserk).


Message History

Deactivating autopickup; reactivate with Ctrl-A!
The bolt of negative energy hits you!!!
You feel drained!
You take 100 damage, and have 192/296 hp!
MASSIVE DAMAGE!!!!!!
Unknown command!
Unknown command!
You feel much better!
You feel very sick!
A foul vapour appears from out of your range of vision!
You hear a shout!!! x18
You regained 15 hp, and now have 207/298 hp!
Unknown command!
Unknown command!
You bump into the rock wall!
You are engulfed in dark miasma!
Your stasis prevents you from being slowed!
You feel less confused!
You feel very sick!
You hear a shout!!! x7
Some rock shatters into small pieces!
You take 13 damage, and have 194/298 hp!
Unknown command!
Unknown command!
A bag of meat comes into view! It is wielding a +9 war axe!
You feel sick!
The bag of meat shouts!!!
You hear a shout!!! x10
The vile hits you with a morningstar!!!
You are engulfed in flames!!!!!!!!!!!!!!!
The fire burns you terribly!!!
DANG rip

Action                   |  1- 3 |  4- 6 |  7- 9 | 10-12 | 13-15 | 16-18 | 19-21 | 22-24 | 25-27 || total
-------------------------+-------+-------+-------+-------+-------+-------+-------+-------+-------++-------
Melee: Executioner's axe |     1 |       |       |     1 |     2 |     2 |     2 |     2 |    10 ||    20
 Cast: Spider Form       |       |       |       |       |       |       |       |       |     2 ||     2
       Ice Form          |       |       |       |       |       |       |       |       |     2 ||     2
       Sticks to Snakes  |       |       |       |       |       |       |       |       |     1 ||     1
 Abil: Dig               |     1 |       |       |       |       |       |       |       |     4 ||     5
  Use: Potion            |       |       |       |       |       |       |       |       |     1 ||     1
Dodge: Dodged            |       |       |       |       |       |       |     2 |     2 |     2 ||     6

Vault maps used:
D:        meatsprint

Notes
Turn   | Place    | Note
-------+----------+-------------------------------------------
     0 | D        | Found the +∞ Axe of Woe
     0 | D        | Rottenbandages the Formicid Transmuter began the quest for the Orb.
     0 | D        | Reached XP level 1. HP: 15/15 MP: 3/3
     3 | D        | Noticed a bag of meat
     4 | D        | Noticed a bag of meat
     4 | D        | Became a worshipper of Makhleb the Destroyer
     5 | D        | Noticed a bag of meat
     7 | D        | Noticed a bag of meat
     7 | D        | Noticed a bag of meat
     7 | D        | Noticed a meat berserker
     7 | D        | Noticed a bag of meat
     8 | D        | Noticed a bag of meat
     8 | D        | Noticed a bag of meat
     8 | D        | Killed a bag of meat
     8 | D        | Reached skill level 13 in Fighting
     8 | D        | Reached skill level 12 in Axes
     8 | D        | Reached skill level 11 in Dodging
     8 | D        | Reached skill level 12 in Unarmed Combat
     8 | D        | Reached skill level 12 in Spellcasting
     8 | D        | Reached skill level 13 in Transmutations
     8 | D        | Reached XP level 2. HP: 40/40 MP: 3/15
     8 | D        | Reached XP level 3. HP: 46/46 MP: 3/16
     8 | D        | Reached XP level 4. HP: 53/53 MP: 3/18
     8 | D        | Reached XP level 5. HP: 59/59 MP: 3/19
     8 | D        | Reached XP level 6. HP: 66/66 MP: 3/21
     8 | D        | Reached XP level 7. HP: 72/72 MP: 3/22
     8 | D        | Reached XP level 8. HP: 79/79 MP: 3/24
     8 | D        | Reached XP level 9. HP: 85/85 MP: 3/25
     8 | D        | Reached XP level 10. HP: 92/92 MP: 3/26
     8 | D        | Reached XP level 11. HP: 98/98 MP: 3/27
     8 | D        | Reached XP level 12. HP: 105/105 MP: 3/28
     8 | D        | Noticed a bag of meat
     9 | D        | Noticed a bag of meat
     9 | D        | Noticed a bag of meat
     9 | D        | Noticed a bag of meat
     9 | D        | Noticed a bag of meat
     9 | D        | Noticed a meat berserker
     9 | D        | Noticed a bag of meat
     9 | D        | Killed a bag of meat
     9 | D        | Reached * piety under Makhleb
     9 | D        | Reached skill level 14 in Fighting
     9 | D        | Reached skill level 13 in Axes
     9 | D        | Reached skill level 5 in Throwing
     9 | D        | Reached skill level 6 in Armour
     9 | D        | Reached skill level 12 in Dodging
     9 | D        | Reached skill level 7 in Stealth
     9 | D        | Reached skill level 13 in Unarmed Combat
     9 | D        | Reached skill level 13 in Spellcasting
     9 | D        | Reached skill level 14 in Transmutations
     9 | D        | Reached skill level 6 in Invocations
     9 | D        | Reached XP level 13. HP: 113/113 MP: 3/30
    10 | D        | Killed a meat berserker
    10 | D        | Reached skill level 15 in Fighting
    10 | D        | Reached skill level 14 in Axes
    10 | D        | Reached skill level 9 in Throwing
    10 | D        | Reached skill level 10 in Armour
    10 | D        | Reached skill level 13 in Dodging
    10 | D        | Reached skill level 11 in Stealth
    10 | D        | Reached skill level 15 in Unarmed Combat
    10 | D        | Reached skill level 15 in Spellcasting
    10 | D        | Reached skill level 16 in Transmutations
    10 | D        | Reached skill level 11 in Invocations
    10 | D        | Reached XP level 14. HP: 71/124 MP: 3/33
    10 | D        | Reached XP level 15. HP: 74/130 MP: 3/34
    10 | D        | Reached skill level 16 in Fighting
    10 | D        | Reached skill level 15 in Axes
    10 | D        | Reached skill level 10 in Throwing
    10 | D        | Reached skill level 11 in Armour
    10 | D        | Reached skill level 14 in Dodging
    10 | D        | Reached skill level 13 in Stealth
    10 | D        | Reached skill level 12 in Invocations
    11 | D        | Reached ** piety under Makhleb
    11 | D        | Reached skill level 17 in Fighting
    11 | D        | Reached skill level 16 in Axes
    11 | D        | Reached skill level 11 in Throwing
    11 | D        | Reached skill level 12 in Armour
    11 | D        | Reached skill level 14 in Stealth
    11 | D        | Reached skill level 16 in Unarmed Combat
    11 | D        | Reached skill level 16 in Spellcasting
    11 | D        | Reached skill level 17 in Transmutations
    11 | D        | Reached skill level 13 in Invocations
    11 | D        | Reached XP level 16. HP: 81/141 MP: 4/36
    11 | D        | Reached skill level 12 in Throwing
    11 | D        | Reached skill level 13 in Armour
    11 | D        | Reached skill level 15 in Dodging
    11 | D        | Reached skill level 15 in Stealth
    11 | D        | Reached skill level 14 in Invocations
    12 | D        | Noticed a large bag of meat
    12 | D        | Noticed a large bag of meat
    12 | D        | Reached skill level 18 in Fighting
    12 | D        | Reached skill level 17 in Axes
    12 | D        | Reached skill level 13 in Throwing
    12 | D        | Reached skill level 14 in Armour
    12 | D        | Reached skill level 16 in Stealth
    12 | D        | Reached skill level 17 in Unarmed Combat
    12 | D        | Reached skill level 17 in Spellcasting
    12 | D        | Reached skill level 18 in Transmutations
    12 | D        | Reached skill level 15 in Invocations
    12 | D        | Reached *** piety under Makhleb
    12 | D        | Reached skill level 16 in Dodging
    12 | D        | Reached skill level 17 in Stealth
    12 | D        | Reached XP level 17. HP: 143/151 MP: 4/38
    12 | D        | Killed a meat berserker
    12 | D        | Reached skill level 19 in Fighting
    12 | D        | Reached skill level 18 in Axes
    12 | D        | Reached skill level 14 in Throwing
    12 | D        | Reached skill level 16 in Armour
    12 | D        | Reached skill level 17 in Dodging
    12 | D        | Reached skill level 18 in Stealth
    12 | D        | Reached skill level 18 in Unarmed Combat
    12 | D        | Reached skill level 18 in Spellcasting
    12 | D        | Reached skill level 19 in Transmutations
    12 | D        | Reached skill level 17 in Invocations
    12 | D        | Reached XP level 18. HP: 153/162 MP: 4/40
    12 | D        | Reached skill level 20 in Fighting
    12 | D        | Reached skill level 15 in Throwing
    12 | D        | Reached skill level 19 in Stealth
    12 | D        | Reached skill level 19 in Unarmed Combat
    12 | D        | Reached skill level 20 in Transmutations
    12 | D        | Reached skill level 18 in Invocations
    13 | D        | Reached skill level 19 in Axes
    13 | D        | Reached skill level 16 in Throwing
    13 | D        | Reached skill level 17 in Armour
    13 | D        | Reached skill level 19 in Spellcasting
    13 | D        | Reached **** piety under Makhleb
    13 | D        | Reached skill level 18 in Dodging
    13 | D        | Reached skill level 20 in Stealth
    13 | D        | Reached skill level 21 in Transmutations
    13 | D        | Reached skill level 19 in Invocations
    13 | D        | Reached skill level 21 in Fighting
    13 | D        | Reached skill level 20 in Axes
    13 | D        | Reached skill level 17 in Throwing
    13 | D        | Reached skill level 18 in Armour
    13 | D        | Reached skill level 21 in Stealth
    13 | D        | Reached skill level 20 in Unarmed Combat
    13 | D        | Reached skill level 20 in Spellcasting
    13 | D        | Reached XP level 19. HP: 172/172 MP: 4/43
    15 | D        | Noticed a meat berserker
    16 | D        | Noticed a meat berserker
    16 | D        | Reached skill level 19 in Dodging
    16 | D        | Reached skill level 20 in Invocations
    16 | D        | Killed a large bag of meat
    16 | D        | Reached ***** piety under Makhleb
    16 | D        | Reached skill level 22 in Fighting
    16 | D        | Reached skill level 21 in Axes
    16 | D        | Reached skill level 18 in Throwing
    16 | D        | Reached skill level 19 in Armour
    16 | D        | Reached skill level 22 in Stealth
    16 | D        | Reached skill level 21 in Unarmed Combat
    16 | D        | Reached skill level 21 in Spellcasting
    16 | D        | Reached skill level 22 in Transmutations
    16 | D        | Reached skill level 21 in Invocations
    16 | D        | Reached XP level 20. HP: 138/184 MP: 5/45
    16 | D        | Reached skill level 20 in Armour
    16 | D        | Reached skill level 23 in Stealth
    16 | D        | Reached skill level 23 in Fighting
    16 | D        | Reached skill level 19 in Throwing
    16 | D        | Reached skill level 20 in Dodging
    16 | D        | Reached skill level 23 in Transmutations
    16 | D        | Reached skill level 22 in Invocations
    16 | D        | Killed a large bag of meat
    16 | D        | Reached skill level 22 in Axes
    16 | D        | Reached skill level 20 in Throwing
    16 | D        | Reached skill level 21 in Armour
    16 | D        | Reached skill level 24 in Stealth
    16 | D        | Reached skill level 22 in Unarmed Combat
    16 | D        | Reached skill level 22 in Spellcasting
    16 | D        | Reached skill level 23 in Invocations
    17 | D        | Noticed a meat berserker
    17 | D        | Noticed a meat berserker
    19 | D        | Noticed a meat berserker
    19 | D        | Noticed a meat berserker
    19 | D        | Noticed a meat berserker
    19 | D        | Noticed a destroyer
    20 | D        | Killed a meat berserker
    20 | D        | Reached skill level 24 in Fighting
    20 | D        | Reached skill level 22 in Armour
    20 | D        | Reached skill level 21 in Dodging
    20 | D        | Reached skill level 25 in Stealth
    20 | D        | Reached skill level 23 in Unarmed Combat
    20 | D        | Reached skill level 23 in Spellcasting
    20 | D        | Reached skill level 24 in Transmutations
    20 | D        | Reached XP level 21. HP: 145/196 MP: 6/48
    20 | D        | Reached skill level 23 in Axes
    20 | D        | Reached skill level 21 in Throwing
    20 | D        | Reached skill level 24 in Invocations
    20 | D        | Reached skill level 25 in Fighting
    20 | D        | Reached skill level 26 in Stealth
    20 | D        | Reached skill level 25 in Transmutations
    20 | D        | Killed a meat berserker
    20 | D        | Reached skill level 24 in Axes
    20 | D        | Reached skill level 22 in Throwing
    20 | D        | Reached skill level 23 in Armour
    20 | D        | Reached skill level 22 in Dodging
    20 | D        | Reached skill level 27 in Stealth
    20 | D        | Reached skill level 24 in Unarmed Combat
    20 | D        | Reached skill level 24 in Spellcasting
    20 | D        | Reached skill level 25 in Invocations
    20 | D        | Reached XP level 22. HP: 208/208 MP: 6/50
    22 | D        | Noticed a meat berserker
    22 | D        | Reached ****** piety under Makhleb
    22 | D        | Reached skill level 26 in Fighting
    22 | D        | Reached skill level 26 in Transmutations
    22 | D        | Killed a meat berserker
    22 | D        | Reached skill level 23 in Throwing
    22 | D        | Reached skill level 24 in Armour
    22 | D        | Reached skill level 23 in Dodging
    22 | D        | Reached skill level 25 in Unarmed Combat
    22 | D        | Reached skill level 25 in Spellcasting
    22 | D        | Reached skill level 26 in Invocations
    22 | D        | Killed a destroyer
    22 | D        | Reached skill level 27 in Fighting
    22 | D        | Reached skill level 25 in Axes
    22 | D        | Reached skill level 24 in Throwing
    22 | D        | Reached skill level 25 in Armour
    22 | D        | Reached skill level 24 in Dodging
    22 | D        | Reached skill level 26 in Unarmed Combat
    22 | D        | Reached skill level 27 in Transmutations
    22 | D        | Reached skill level 27 in Invocations
    22 | D        | Reached XP level 23. HP: 219/219 MP: 7/52
    22 | D        | Reached skill level 26 in Axes
    22 | D        | Reached skill level 25 in Throwing
    22 | D        | Reached skill level 26 in Armour
    22 | D        | Reached skill level 25 in Dodging
    22 | D        | Reached skill level 26 in Spellcasting
    22 | D        | Reached skill level 27 in Axes
    22 | D        | Reached skill level 27 in Throwing
    22 | D        | Reached skill level 27 in Armour
    22 | D        | Reached skill level 26 in Dodging
    22 | D        | Reached skill level 27 in Unarmed Combat
    22 | D        | Reached skill level 27 in Spellcasting
    22 | D        | Reached XP level 24. HP: 227/227 MP: 7/54
    22 | D        | Reached skill level 27 in Dodging
    23 | D        | Noticed a destroyer
    24 | D        | Reached XP level 25. HP: 234/234 MP: 7/54
    25 | D        | Noticed a large bag of meat
    26 | D        | Noticed a destroyer
    29 | D        | Reached XP level 26. HP: 242/242 MP: 9/54
    31 | D        | Killed a large bag of meat
    32 | D        | Noticed a destroyer
    35 | D        | Noticed a destroyer
    36 | D        | Noticed a destroyer
    36 | D        | Killed a destroyer
    36 | D        | Reached XP level 27. HP: 231/249 MP: 11/54
    37 | D        | Noticed a destroyer
    37 | D        | Killed a destroyer
    37 | D        | Killed a destroyer
    41 | D        | Killed a destroyer
    95 | D        | Learned a level 2 spell: Sticks to Snakes
   101 | D        | Learned a level 5 spell: Blade Hands
   105 | D        | Learned a level 3 spell: Spider Form
   110 | D        | Learned a level 4 spell: Ice Form
   638 | D        | Noticed a vile
   640 | D        | Noticed a dread
   645 | D        | Annihilated by a vile

Vanquished Creatures
  5 vampire knights (D)
  14 ogres (D)
  3 two-headed ogres (D)
  30 orcs (D)
52 creatures vanquished.
